 Seeded DCSS version 0.29.1-15-g9cfb28693d (webtiles) character file.

Game seed: 1 (custom seed)

67 Kazon the Ducker (level 4, -5/33 HPs)
             Began as a Vampire Gladiator on Mar 24, 2023.
             Slain by a gnoll
             ... wielding a +0 halberd
              (8 damage)
             ... on level 2 of the Dungeon.
             The game lasted 00:05:55 (1120 turns).

Kazon the Ducker (Vampire Gladiator)                Turns: 1120, Time: 00:05:56

Health: -5/33      AC:  7    Str: 20    XL:     4   Next: 0%
Magic:  4/4        EV: 13    Int: 10    God:
Gold:   167        SH:  0    Dex: 17    Spells: 3/3 levels left

rFire   x . .      SeeInvis +   w - +6 arbalest of Attainder {vorpal, rF- rC+ Str+5 Dex+2}
rCold   + . .      Faith    .   (shield currently unavailable)
rNeg    . . .      Spirit   .   b - +0 leather armour
rPois   .          Reflect  .   c - +0 helmet
rElec   .          Harm     .   (no cloak)
rCorr   .          Rampage  .   (no gloves)
Will    .....                   m - +2 pair of boots
Stlth   +.........              g - amulet of the acrobat
HPRegen 0.31/turn               (no ring)
MPRegen 0.09/turn               (no ring)

@: healing quickly
A: alive, fangs 3, see invisible, vampiric 2
a: Exsanguinate


You were on level 2 of the Dungeon.
You visited 1 branch of the dungeon, and saw 2 of its levels.

You collected 167 gold pieces.

Inventory:

Hand Weapons
 a - a +0 long sword
 e - a +2 dagger of venom
 w - the +6 arbalest of Attainder (weapon) {vorpal, rF- rC+ Str+5 Dex+2}
   (You acquired it on level 1 of the Dungeon)

   Any ammunition fired from it inflicts extra damage upon your enemies.
   Str:       It affects your strength (+5).
   Dex:       It affects your dexterity (+2).
   rF:        It makes you vulnerable to fire.
   rC:        It protects you from cold.
Missiles
 d - 3 throwing nets
 k - 17 stones
 n - 3 boomerangs
 p - a javelin
Armour
 b - a +0 leather armour (worn)
 c - a +0 helmet (worn)
 m - a +2 pair of boots (worn)
Jewellery
 g - an amulet of the acrobat (around neck)
Scrolls
 j - a scroll of identify {unknown}
 o - a scroll of immolation {unknown}
Potions
 f - a potion of haste {unknown}
 h - a potion of flight {unknown}
 i - a potion of attraction {unknown}
 l - a potion of berserk rage {unknown}


   Skills:
 + Level 2.2 Fighting
 + Level 3.3 Long Blades
 + Level 1.5 Ranged Weapons
 + Level 1.5 Throwing
 + Level 0.2 Armour
 + Level 4.0 Dodging
 + Level 0.1 Stealth


You had 3 spell levels left.
You didn't know any spells.
Your spell library contained the following spells:

 Spells                   Type           Power      Damage    Failure   Level
 Apportation              Tloc           0%         N/A       41%         1
 Necrotise                Necr           0%         1d4       41%         1
 Sting                    Tmut/Pois      0%         1d3       41%         1
 Summon Small Mammal      Summ           0%         N/A       41%         1
 Poisonous Vapours        Pois/Air       0%         N/A       56%         2
 Olgreb's Toxic Radiance  Pois           0%         N/A       99%         4


Dungeon Overview and Level Annotations

Branches:
Dungeon (2/15)

Altars:


Innate Abilities, Weirdness & Mutations

Your natural rate of healing is accelerated.
You have razor-sharp teeth.
You have supernaturally acute eyesight. (SInv)
You are afflicted with vampirism and can become a bat while bloodless.


Message History

Press: ? - help, Q - select action, (/) - cycle Shift-Dir - straight line, f - gnoll
Aim: a gnoll, wielding a +0 whip (66% to hit)
You shoot a bolt. The bolt closely misses the gnoll.
The gnoll hits you with a +0 whip!
Unknown command.
Fire: w) +6 arbalest of Attainder {vorpal, rF- rC+ Str+5 Dex+2}
Press: ? - help, Q - select action, (/) - cycle Shift-Dir - straight line, f/p - gnoll
Aim: a gnoll, wielding a +0 whip (66% to hit)
You shoot a bolt. The bolt hits the gnoll.
The gnoll is moderately wounded.
You hear a shout!
The gnoll barely misses you. The gnoll hits you with a +0 whip.
The gnoll closely misses you.
Fire: w) +6 arbalest of Attainder {vorpal, rF- rC+ Str+5 Dex+2}
Press: ? - help, Q - select action, (/) - cycle Shift-Dir - straight line, f/p - gnoll
Aim: a gnoll, wielding a +0 whip (moderately wounded, 66% to hit)
You shoot a bolt. The bolt hits the gnoll.
The gnoll is severely wounded.
The gnoll misses you. The gnoll closely misses you.
The gnoll hits you but does no damage. The gnoll misses you.
Fire: w) +6 arbalest of Attainder {vorpal, rF- rC+ Str+5 Dex+2}
Press: ? - help, Q - select action, (/) - cycle Shift-Dir - straight line, f/p - gnoll
Aim: a gnoll, wielding a +0 whip (severely wounded, 66% to hit)
You shoot a bolt. The bolt barely misses the gnoll.
You hear a shout!
The gnoll hits you with a +0 whip.
The gnoll hits you from afar with a +0 halberd.
The gnoll hits you with a +0 whip. The gnoll barely misses you.
Fire: w) +6 arbalest of Attainder {vorpal, rF- rC+ Str+5 Dex+2}
Press: ? - help, Q - select action, (/) - cycle Shift-Dir - straight line, f - gnoll, p - gnoll
Aim: a gnoll, wielding a +0 halberd (66% to hit)
You shoot a bolt. The bolt barely misses the gnoll.
The bolt closely misses the gnoll.
The gnoll hits you with a +0 whip.
The gnoll hits you from afar with a +0 halberd.
* * * LOW HITPOINT WARNING * * *
The gnoll hits you with a +0 whip.
* * * LOW HITPOINT WARNING * * *
The gnoll hits you from afar with a +0 halberd!
You die...

#..... ##..#.#
#..... #..#.##
....... #†)...#
#...... #.....#
.).#.....#
#.##.#.....#
#....g.....#
...#.#g#.###
.#.#@#.# #.#
######.# #.#.# #.#
#....... ....# #.#
#.##... ...### #.#
#.##.$####.# #<#
#.##..# #.# #.#
#.##..# #.# #.#
#.##..####.#
#.#####..........#


You could see 2 gnolls.

Vanquished Creatures
  A gnoll (D:2)
  2 adders (D:2)
  A worm (D:2)
  7 endoplasms
  A giant cockroach (D:1)
  7 goblins
  4 hobgoblins
  2 kobolds
  A quokka (D:1)
  2 ball pythons (D:2)
  2 bats
  2 frilled lizards (D:2)
  3 rats (D:1)
35 creatures vanquished.

Notes
Turn   | Place    | Note
-------+----------+-------------------------------------------
     0 | D:1      | Kazon the Vampire Gladiator began the quest for the Orb.
     0 | D:1      | Reached XP level 1. HP: 16/16 MP: 1/1
    49 | D:1      | Identified a scroll of acquirement
    49 | D:1      | Acquired the +6 arbalest of Attainder {vorpal, rF- rC+
                  | Str+5 Dex+2}
   147 | D:1      | Reached XP level 2. HP: 22/22 MP: 2/2
   762 | D:2      | Gained mutation: You are afflicted with vampirism and can
                  | become a bat while bloodless. [Vampire growth]
   762 | D:2      | Reached XP level 3. HP: 25/27 MP: 3/3
   783 | D:2      | Reached skill level 1 in Ranged Weapons
   913 | D:2      | Reached skill level 4 in Dodging
  1116 | D:2      | Reached XP level 4. HP: 33/33 MP: 4/4
  1120 | D:2      | Slain by a gnoll

Illustrated notes

Levels and vault maps discovered:
D:1:      dpeg_arrival_three_smaller_balls, layout_basic
D:2:      layout_loops_ring

Skill      XL: |  1  2  3 |
---------------+----------+-----
Fighting       | 2 |  2.2
Ranged Weapons | 1 |  1.5
Dodging        | 4 |  4.0
Long Blades    | |  3.3
Throwing       | |  1.5
Armour         | |  0.2
Stealth        | |  0.1

Action                   |  1- 3 |  4- 6 || total
-------------------------+-------+-------++-------
Melee: Long sword        |     8 |       ||     8
 Fire: Arbalest          |    46 |     5 ||    51
  Use: Scroll            |     1 |       ||     1
 Stab: Sleeping          |     1 |       ||     1
Armor: Leather armour    |    18 |     1 ||    19
Dodge: Dodged            |    33 |     6 ||    39
